 Dungeon Sprint DCSS version 0.19.1-1-g22dce08 (webtiles) character file.

9879 Groucho the Unseen (level 11, -5/58 HPs)
             Began as a Spriggan Assassin on Jan 13, 2017.
             Was the Champion of Dithmenos.
             Slain by a komodo dragon (30 damage)
             ... in the Dungeon (Sprint III: "The Ten Rune Challenge").
             The game lasted 00:18:00 (3937 turns).

Groucho the Unseen (Spriggan Assassin)              Turns: 3937, Time: 00:18:02

Health: -5/58      AC:  5    Str:  8    XL:     11   Next: 28%
Magic:  30/30      EV: 34    Int: 15    God:    Dithmenos [******]
Gold:   5392       SH:  0    Dex: 22    Spells: 4 memorised, 24 levels left

rFire  . . .     SeeInvis +     t - +0 shortbow
rCold  + . .     Gourm    .     s - +2 robe {Archmagi}
rNeg   . . .     Faith    .     (shield currently unavailable)
rPois  .         Spirit   .     (helmet restricted)
rElec  .         Reflect  .     d - +0 cloak
rCorr  .         Harm     .     (gloves unavailable)
MR     +....     NoTele   +     (boots unavailable)
Stlth  ++++++++++               (no amulet)
                                (no ring)
                                (no ring)

@: wreathed by umbra, repel missiles, very quick
A: unfitting armour, antennae 1, see invisible, agile 1, clever 1, cold
resistance 1, herbivore 3, speed 3, high mp 1, slow metabolism 2, sturdy frame 1
a: Shadow Step, Shadow Form, Renounce Religion


You were in the Dungeon.
You worshipped Dithmenos.
Dithmenos was exalted by your worship.
You were not hungry.

You visited 1 branch You collected 5392 gold pieces.

Inventory:

Hand Weapons
 a - a +2 dagger
 b - a +0 blowgun
 t - a +0 shortbow (weapon)
Missiles
 e - 5 poisoned needles
 f - a curare-tipped needle
 x - 31 arrows (quivered)
Armour
 c - a +0 robe
 d - a +0 cloak (worn)
 s - a +2 robe of the Archmagi (worn)
Scrolls
 m - a scroll of blinking
 n - 3 scrolls of identify {unknown}
 p - 2 scrolls of holy word {unknown}
 q - 4 scrolls of remove curse
Potions
 j - a potion of haste
 k - 2 potions of magic
 o - a potion of berserk rage
 u - 3 potions of cure mutation
 v - 2 potions of might
Books
 i - a book of Minor Magic

   Spells                             Type                      Level
   a - Magic Dart                     Conjuration                  1
   b - Blink                          Translocation                2
   c - Call Imp                       Summoning                    2
   d - Repel Missiles                 Charms/Air                   2
   e - Slow                           Hexes                        2
   f - Conjure Flame                  Conjuration/Fire             3
   g - Mephitic Cloud                 Conjuration/Poison/Air       3
 l - a book of Minor Magic

   Spells                             Type                      Level
   a - Magic Dart                     Conjuration                  1
   b - Blink                          Translocation                2
   c - Call Imp                       Summoning                    2
   d - Repel Missiles                 Charms/Air                   2
   e - Slow                           Hexes                        2
   f - Conjure Flame                  Conjuration/Fire             3
   g - Mephitic Cloud                 Conjuration/Poison/Air       3
Miscellaneous
 w - a box of beasts
Comestibles
 g - a bread ration
 r - 4 royal jellies


   Skills:
 + Level 6.7 Fighting
 - Level 10.4 Short Blades
 + Level 5.1 Bows
 - Level 11.3 Throwing
 + Level 16.1 Dodging
 - Level 20.7 Stealth
 + Level 11.9 Spellcasting
 - Level 7.0 Air Magic
 + Level 2.4 Poison Magic


You had 24 spell levels left.
You knew the following spells:

 Your Spells              Type           Power        Failure   Level  Hunger
a - Blink                 Tloc           N/A          14%         2    None
b - Call Imp              Summ           ##......     14%         2    None
c - Repel Missiles        Chrm/Air       ####..       3%          2    None
d - Mephitic Cloud        Conj/Pois/Air  ####....     10%         3    None


Dungeon Overview and Level Annotations

Branches:
Dungeon (1/1)

Altars:
Cheibriados
Dithmenos
Elyvilon
Fedhas
Gozag
Hepliaklqana
Kikubaaqudgha
Makhleb
Nemelex Xobeh
Okawaru
Qazlal
Ru
Sif Muna
Trog
Uskayaw
Vehumet
Xom
Yredelemnul
Zin
The Shining One
Beogh
Jiyva
Lugonu

Shops:
D ?


Innate Abilities, Weirdness & Mutations

You are very small and have problems with some larger weapons.
You are too small for most types of armour.
You have supernaturally acute eyesight. (SInv)
You are a herbivore.
You cover ground extremely quickly.
You need consume almost no food.
You have a pair of small antennae on your head.
You are agile. (Dex +2)
Your mind is acute. (Int +2)
Your flesh is cold resistant. (rC+)
You have an increased reservoir of magic. (+10% MP)
Your movements are slightly less encumbered by armour. (ER -2)


Message History

Wield which item (- for none, * to show all)? (? for menu, Esc to quit)
t - a +0 shortbow (weapon)
Firing (i - inventory):
x - 33 arrows (quivered)
Press: ? - help, Shift-Dir - straight line, f/p - komodo dragon
Aim: a komodo dragon (lightly wounded, slow, poisoned, umbra)
You shoot an arrow.
The arrow hits the komodo dragon but does no damage.
The komodo dragon is lightly wounded.
You hear a splash.
The komodo dragon bites you!!
You emit a cloud of dark smoke.
Firing (i - inventory):
x - 32 arrows (quivered)
Press: ? - help, Shift-Dir - straight line, f/p - komodo dragon
Aim: a komodo dragon (black smoke, lightly wounded, slow, poisoned, umbra)
You shoot an arrow.
The arrow hits the komodo dragon but does no damage.
The komodo dragon is lightly wounded.
You hear a splash.
The komodo dragon bites you!!
Ouch! That really hurt!
You die...

.....#..##.#[.#.#
####'#))#.#######
_#...#'#####################
_#...#..≈≈§§§#.'...'.#.#.#.+
_#...#.#§§≈#.#.#...##.#.#.##
_#...).#§.§#.#.#)..#.#.#.#.#
_'...#.#§).#...#...##.#.#.##
▓▓▓▓▓▓▓▓▓▓▓▓▓▓▓▓▓▓▓#.#.#.#.#{
♣(≈≈..†.(...≈(l@§.##.#.#.##{
♣'♣≈≈≈≈≈≈F≈≈≈≈§♣♣§.'.#.#.#.#{
≈♣♣♣♣♣♣♣♣♣♣♣♣♣♣♣♣§§##.#.#.##
. ♣♣♣##'######## #...+.≈≈≈§#
{#...# {#).)# ##### {


You could see a komodo dragon and a blink frog (wandering).

Vanquished Creatures
  Sigmund (D)
  Josephine (D)
  A centaur warrior (D)
  An orc high priest (D)
  An unseen horror (D)
  A deep elf mage (D)
  2 orc sorcerers (D)
  Edmund (D)
  3 wandering mushrooms (D)
  3 blink frogs (D)
  A shadow (D)
  A spatial vortex (D)
  2 orc warriors (D)
  A necrophage (D)
  2 centaurs (D)
  An earth elemental (D)
  A water elemental (D)
  A jelly (D)
  2 orc priests (D)
  A wizard (D)
  An orc wizard (D)
  A necromancer (D)
  3 humans (D)
  A kobold demonologist (D)
  2 oozes (D)
  A phantom (D)
  9 orcs (D)
  2 rats (D)
48 creatures vanquished.

Vanquished Creatures (others)
  A deep elf blademaster (D)
  2 draconian scorchers (D)
  A deep elf knight (D)
  6 hellions (D)
  3 yaktaurs (D)
  A spriggan defender (D)
  3 orc high priests (D)
  5 ball lightnings (D)
  3 ballistomycetes (D)
  2 ballistomycete spores (D)
  40 plants (D)
67 creatures vanquished.

Grand Total: 115 creatures vanquished

Notes
Turn   | Place    | Note
-------+----------+-------------------------------------------
     0 | D        | Groucho the Spriggan Assassin began the quest for the Orb.
     0 | D        | Reached XP level 1. HP: 10/10 MP: 2/2
     4 | D        | Reached skill level 7 in Stealth
    13 | D        | Reached skill level 8 in Stealth
    13 | D        | Reached XP level 2. HP: 11/14 MP: 3/3
    98 | D        | Killed a hellion
   113 | D        | Killed a hellion
   136 | D        | Killed a hellion
   137 | D        | Killed a hellion
   181 | D        | Reached skill level 9 in Stealth
   210 | D        | Reached skill level 10 in Stealth
   210 | D        | Reached XP level 3. HP: 18/18 MP: 4/4
   227 | D        | Reached skill level 11 in Stealth
   243 | D        | Killed a yaktaur
   244 | D        | Gained mutation: You have a pair of small antennae on your head. [potion of mutation]
   244 | D        | Gained mutation: Your movements are slightly less encumbered by armour. (ER -2) [potion of mutation]
   244 | D        | Gained mutation: Your flesh is cold resistant. (rC+) [potion of mutation]
   245 | D        | Gained mutation: Your mind is acute. (Int +2) [potion of mutation]
   245 | D        | Gained mutation: You have an increased reservoir of magic. (+10% MP) [potion of mutation]
   245 | D        | Gained mutation: You are agile. (Dex +2) [potion of mutation]
   273 | D        | Noticed a water elemental
   275 | D        | Killed a water elemental
   275 | D        | Reached skill level 14 in Stealth
   275 | D        | Reached XP level 4. HP: 22/22 MP: 5/5
   287 | D        | Found a shadowy altar of Dithmenos.
   287 | D        | Noticed a necrophage
   288 | D        | Found a basalt altar of Yredelemnul.
   288 | D        | Found a sacrificial altar of Ru.
   335 | D        | Killed a necrophage
   335 | D        | Reached skill level 17 in Stealth
   335 | D        | Reached XP level 5. HP: 18/23 MP: 6/6
   341 | D        | Killed a hellion
   376 | D        | Killed a white draconian scorcher
   388 | D        | Killed a hellion
   404 | D        | Killed a white draconian scorcher
   698 | D        | Became a worshipper of Dithmenos the Shadowed
   713 | D        | Found a radiant altar of Vehumet.
   714 | D        | Found a deep blue altar of Sif Muna.
   714 | D        | Found an ancient bone altar of Kikubaaqudgha.
   718 | D        | Noticed a smoke demon
   725 | D        | Noticed a sun demon
   725 | D        | Reached * piety under Dithmenos
   985 | D        | Learned a level 2 spell: Blink
   988 | D        | Learned a level 2 spell: Call Imp
  1089 | D        | Found a hide-covered altar of Uskayaw.
  1089 | D        | Found an iron altar of Okawaru.
  1090 | D        | Found a roughly hewn altar of Beogh.
  1090 | D        | Found a bloodstained altar of Trog.
  1090 | D        | Noticed a human
  1090 | D        | Noticed a human
  1092 | D        | Killed a human
  1092 | D        | Reached skill level 5 in Dodging
  1092 | D        | Reached skill level 18 in Stealth
  1092 | D        | Reached XP level 6. HP: 30/30 MP: 7/7
  1093 | D        | Killed a human
  1093 | D        | Reached skill level 5 in Short Blades
  1093 | D        | Reached skill level 5 in Throwing
  1093 | D        | Reached XP level 7. HP: 33/33 MP: 8/8
  1106 | D        | Found a glowing silver altar of Zin.
  1107 | D        | Found a glowing golden altar of the Shining One.
  1107 | D        | Found a white marble altar of Elyvilon.
  1107 | D        | Noticed a deep elf mage
  1109 | D        | Killed a deep elf mage
  1109 | D        | Reached ** piety under Dithmenos
  1109 | D        | Reached skill level 19 in Stealth
  1446 | D        | Noticed a shadow
  1448 | D        | Killed a shadow
  1448 | D        | Reached XP level 8. HP: 37/37 MP: 9/13
  1459 | D        | Found a blossoming altar of Fedhas.
  1459 | D        | Found a stormy altar of Qazlal.
  1511 | D        | Reached skill level 10 in Dodging
  1512 | D        | Found a snail-covered altar of Cheibriados.
  1512 | D        | Found a burning altar of Makhleb.
  1512 | D        | Found a shimmering altar of Xom.
  1513 | D        | Found a hazy altar of Hepliaklqana.
  1513 | D        | Found an opulent altar of Gozag.
  1513 | D        | Found a sparkling altar of Nemelex Xobeh.
  1513 | D        | Found a corrupted altar of Lugonu.
  1513 | D        | Found a viscous altar of Jiyva.
  1561 | D        | Noticed Josephine
  1563 | D        | Killed Josephine
  1563 | D        | Reached skill level 20 in Stealth
  1563 | D        | Reached skill level 5 in Spellcasting
  1563 | D        | Reached XP level 9. HP: 41/41 MP: 14/20
  1574 | D        | Reached *** piety under Dithmenos
  1580 | D        | Noticed a centaur warrior
  1618 | D        | Killed a centaur warrior
  1618 | D        | Reached skill level 10 in Short Blades
  2101 | D        | Learned a level 2 spell: Repel Missiles
  2105 | D        | Learned a level 3 spell: Mephitic Cloud
  2113 | D        | Noticed an unseen horror
  2115 | D        | Killed an unseen horror
  2115 | D        | Reached **** piety under Dithmenos
  2124 | D        | Noticed Sigmund
  2124 | D        | Noticed Edmund
  2126 | D        | Killed Edmund
  2128 | D        | Killed Sigmund
  2128 | D        | Reached skill level 5 in Fighting
  2128 | D        | Reached skill level 15 in Dodging
  2128 | D        | Reached skill level 10 in Spellcasting
  2128 | D        | Reached XP level 10. HP: 51/51 MP: 20/28
  2186 | D        | Reached skill level 1 in Bows
  2367 | D        | Noticed a spiny frog
  2367 | D        | Noticed a spiny frog
  2745 | D        | Found Geseriur's Magic Scroll Shoppe.
  2748 | D        | Noticed an orc sorcerer
  2755 | D        | Reached ***** piety under Dithmenos
  2755 | D        | Reached XP level 11. HP: 56/56 MP: 4/29
  2757 | D        | Noticed an orc high priest
  2765 | D        | Killed an orc sorcerer
  2782 | D        | Noticed a sixfirhy
  3146 | D        | Killed an orc high priest
  3146 | D        | Reached ****** piety under Dithmenos
  3431 | D        | Noticed an orc sorcerer
  3439 | D        | Killed an orc sorcerer
  3439 | D        | Reached skill level 1 in Poison Magic
  3762 | D        | Killed a deep elf knight
  3775 | D        | Killed a deep elf blademaster
  3889 | D        | Reached skill level 5 in Bows
  3937 | D        | Slain by a komodo dragon

Skill      XL: |  1  2  3  4  5  6  7  8  9 10 11 |
---------------+----------------------------------+-----
Stealth        | 8 10 14 17 18 19 20 | 20.7
Dodging        | 5 7 9 11 15 16 | 16.1
Short Blades   | 4 5 7 9 10 | 10.4
Throwing       | 4 5 7 8 11 | 11.3
Spellcasting   | 2 5 10 11 | 11.9
Air Magic      | 6 7 |  7.0
Fighting       | 5 6 |  6.7
Bows           | 2 5 |  5.1
Poison Magic   | 2 |  2.4

Action                   |  1- 3 |  4- 6 |  7- 9 | 10-12 || total
-------------------------+-------+-------+-------+-------++-------
Melee: Dagger            |    18 |    14 |    44 |    38 ||   114
 Fire: Blowgun           |       |     9 |    14 |    24 ||    47
       Shortbow          |       |       |       |   125 ||   125
 Cast: Mephitic Cloud    |       |       |       |     8 ||     8
       Repel Missiles    |       |       |       |     2 ||     2
       Blink             |       |       |       |     5 ||     5
Invok: Shadow Step       |       |       |     1 |     2 ||     3
  Use: Potion            |     2 |     3 |     1 |     2 ||     8
 Stab: Sleeping          |     4 |     3 |     9 |     1 ||    17
       Confused          |       |       |       |     2 ||     2
  Eat: Royal jelly       |       |       |       |     1 ||     1
Armor: Robe              |     3 |     6 |     2 |     2 ||    13
Dodge: Dodged            |     6 |    27 |    27 |    77 ||   137
